Map: Thunderbird LE

Players

OGZest (Zest) - Winner!

  • Race: Protoss Protoss
  • Spawn Location: 11:00

Kas

  • Race: Terran Terran
  • League: Master
  • Spawn Location: 5:00

Event: HomeStory Cup XIX

VOD

Have the link to the VOD?

Description

Time

  • Played on: June 28, 2019, 3:12 p.m.
  • Length: 7:57

All games in this series

Show
View Real Time Build Order
Export as new Build Order

OGZest Protoss - Winner!

Build Orders:  

Get SALT Encoding   

  12  0:00  Probe  
  13  0:13  Probe  
  14  0:17  Pylon  
  14  0:25  Probe  
  15  0:35  Gateway  
  15  0:37  Probe  
  16  0:48  Pylon  
  16  0:49  Probe  
  17  0:54  Assimilator  
  18  1:06  Gateway  
  18  1:08  Probe  
  18  1:20  Probe  
  18  1:23  Cybernetics Core  
  19  1:32  Probe  
  19  1:34  Assimilator  
  20  1:44  Warp Gate  
  20  1:45  Probe  
  21  1:50  Stalker  
  21  1:57  Probe  
  24  2:01  Adept  
  26  2:09  Probe  
  27  2:19  Pylon  
  27  2:29  Robotics Facility  
  29  2:43  Gateway  
  27  2:44  Gateway  
  27  2:48  Gateway  
  27  3:05  Warp Prism  
  27  3:13  Pylon  
  29  3:34  Stalker  
  29  3:35  Stalker  
  29  3:39  Stalker  
  35  3:44  Stalker  
  35  3:47  Observer  
  38  3:56  Stalker  
  38  3:59  Sentry x2  
  44  4:15  Zealot  
  46  4:18  Pylon  
  44  4:29  Adept x2  
  47  4:37  Adept x2  
  51  4:43  Adept  
  51  4:44  Adept x2  
  51  5:00  Adept x2  
  55  5:07  Pylon  
  53  5:36  Probe, Twilight Council  
  54  5:46  Nexus  
  55  5:50  Observer  
  55  6:05  Charge  
  55  6:14  Probe  
  55  6:17  Dark Shrine  
  52  6:32  Adept x5  
  48  6:35  Probe  
  55  6:47  Probe  
  56  6:58  Probe  
  56  6:59  Probe  
  56  7:00  Shield Battery  
  48  7:15  Adept  
  48  7:16  Adept x3  
  46  7:32  Dark Templar  
  46  7:36  Dark Templar  
  50  7:42  Probe x2  
Show
View Real Time Build Order
Export as new Build Order

Kas Terran 

Build Orders: Cyclone Opening, Gas First Reaper Expand 

Get SALT Encoding   

  12  0:00  SCV  
  13  0:13  SCV  
  14  0:17  Supply Depot  
  14  0:25  SCV  
  15  0:29  Refinery  
  15  0:39  SCV  
  16  0:44  Barracks  
  16  0:51  SCV  
  17  1:03  SCV  
  18  1:15  SCV  
  19  1:31  Orbital Command  
  19  1:32  Reaper  
  20  1:43  Command Center  
  20  1:54  Factory  
  20  2:01  Bunker  
  20  2:04  Marine  
  21  2:10  SCV  
  22  2:16  Supply Depot  
  22  2:22  SCV  
  23  2:37  Marine  
  23  2:38  Factory Tech Lab, SCV  
  25  2:50  Refinery, SCV  
  26  2:56  Orbital Command  
  26  2:59  Marine, Cyclone  
  31  3:05  SCV  
  31  3:16  Starport  
  31  3:17  SCV  
  32  3:21  SCV  
  32  3:23  Barracks Reactor  
  33  3:29  SCV  
  33  3:31  Supply Depot  
  33  3:33  SCV  
  35  3:42  SCV  
  35  3:45  SCV  
  35  3:46  Siege Tank  
  40  3:50  Supply Depot  
  40  3:54  SCV  
  40  3:57  SCV  
  40  4:00  Marine  
  41  4:04  Viking  
  41  4:06  SCV  
  42  4:11  Marine  
  40  4:18  Marine  
  40  4:27  Siege Tank  
  40  4:29  Marine  
  40  4:31  SCV x2  
  43  4:36  Marine  
  44  4:46  Marine  
  44  4:47  SCV  
  44  5:00  SCV  
  44  5:02  Supply Depot  
  45  5:10  Marine x2  
  45  5:12  SCV  
  48  5:14  SCV  
  43  5:30  Marine x2, Medivac  
  43  5:35  SCV x2  
  47  5:40  Refinery  
  47  5:49  SCV x2  
  48  5:52  Marine x2  
  50  6:01  SCV  
  50  6:02  Orbital Command  
  50  6:10  Marine x2  
  52  6:18  SCV  
  50  6:28  Marine  
  50  6:29  SCV  
  50  6:31  SCV  
  50  6:33  Siege Tank  
  50  6:34  Marine  
  54  6:51  Marine x2  
  54  6:52  SCV, Supply Depot  
  57  7:01  Supply Depot  
  53  7:12  Marine  
  53  7:13  Siege Tank  
  53  7:14  Viking  
  53  7:15  Marine  
  51  7:29  Marine  
  46  7:33  Marine  
  48  7:40  Supply Depot  
  48  7:50  Starport Tech Lab  
Tags
 
Add a new tag
Caveats
  • Supply blocks, unpowered buildings, or Contaminate may cause inaccurate times.
  • Supply counts are checked every 10 seconds.